 Dungeon Crawl Stone Soup version 0.25-a0-287-g56a5b49892 (webtiles) character file.

Game seed: 16828766336078951417, levelgen mode: deterministic

9956 tarrasch the Thaumaturge (level 11, -5/61 HPs)
             Began as a Deep Elf Conjurer on Dec 12, 2019.
             Was a High Priest of Vehumet.
             Slain by an eight-headed hydra (11 damage)
             ... on level 11 of the Dungeon.
             The game lasted 00:52:08 (13856 turns).

tarrasch the Thaumaturge (Deep Elf Conjurer)       Turns: 13856, Time: 00:52:09

Health: -5/61      AC:  8    Str: 11    XL:     11   Next: 29%
Magic:  26/28      EV: 13    Int: 21    God:    Vehumet [*****.]
Gold:   596        SH:  0    Dex: 19    Spells: 10/32 levels left

rFire    . . .     SeeInvis .   b - staff of air
rCold    x . .     Gourm    +   (no shield)
rNeg     . . .     Faith    .   R - +0 troll leather armour
rPois    +         Spirit   .   (no helmet)
rElec    +         Reflect  .   o - +1 cloak
rCorr    .         Harm     .   h - +0 pair of gloves
MR       +....                  (no boots)
Stlth    ++........             S - amulet "Bavafai" {Gourm rPois rC- Str+3 Dex+4}
HPRegen  0.60/turn              x - ring of wizardry
MPRegen  0.21/turn              q - ring of wizardry

@: marked, very slightly contaminated, hasted, invisible, very quick
A: poison resistance, wild magic 1
a: Renounce Religion


You were on level 11 of the Dungeon.
You worshipped Vehumet.
Vehumet was extremely pleased with you.
You were completely stuffed.

You visited 2 branches of the dungeon, and saw 12 of its levels.
You also visited: Sewer and Ossuary.

You collected 596 gold pieces.

Inventory:

Hand Weapons
 a - a +2 short sword of venom
 s - a +7 trident of freezing
Missiles
 i - 2 throwing nets
 t - 46 poisoned darts (quivered)
 y - 18 boomerangs
Armour
 d - a +0 ring mail
 h - a +0 pair of gloves (worn)
 o - a +1 cloak (worn)
 z - a scarf of cloud immunity
 R - a +0 troll leather armour (worn)
 U - a +2 scale mail of poison resistance
Magical Staves
 b - an uncursed staff of air (weapon)
Jewellery
 n - a +2 ring of strength
 p - an uncursed amulet of rage
 q - a ring of wizardry (right hand)
 x - a ring of wizardry (left hand)
 G - an uncursed ring of positive energy
 S - the amulet "Bavafai" (around neck) {Gourm rPois rC- Str+3 Dex+4}
   (You found it on level 8 of the Dungeon)

   [amulet of the gourmand]

   It allows you to eat raw meat even when not hungry.
   It affects your strength (+3).
   It affects your dexterity (+4).
   It makes you vulnerable to cold.
   It protects you from poison.
Wands
 w - a wand of digging (6)
 C - a wand of acid (9)
 D - a wand of paralysis (8)
 T - a wand of disintegration (6)
Scrolls
 f - 2 scrolls of immolation {unknown}
 j - a scroll of amnesia
 k - 2 scrolls of fear
 A - 3 scrolls of fog
 B - 8 scrolls of teleportation
 F - 2 scrolls of blinking
 L - a scroll of summoning {unknown}
 M - 2 scrolls of remove curse
Potions
 e - 3 potions of ambrosia
 g - a potion of haste
 l - 4 potions of magic
 r - 3 potions of curing
 u - 2 potions of invisibility
 v - 4 potions of lignification
 E - 6 potions of brilliance
 H - 2 potions of flight
 I - 2 potions of resistance
 J - a potion of agility
 K - 2 potions of degeneration
 N - a potion of berserk rage {unknown}
 P - 2 potions of might {unknown}
 Q - 4 potions of heal wounds
Comestibles
 c - 25 rations
 O - 4 chunks of flesh


   Skills:
 * Level 4.0 Fighting
 + Level 0.2 Throwing
 * Level 6.6 Armour
 - Level 2.4 Dodging
 - Level 2.4 Stealth
 + Level 11.2 Spellcasting
 * Level 10.4 Conjurations
 * Level 7.7 Hexes
 - Level 2.0 Charms
 * Level 5.1 Air Magic
 * Level 4.2 Poison Magic


You had 10 spell levels left.
You knew the following spells:

 Your Spells              Type           Power        Failure   Level  Hunger
a - Magic Dart            Conj           ####         1%          1    None
b - Searing Ray           Conj           ######       1%          2    None
c - Fulminant Prism       Conj/Hex       ######....   1%          4    #......
d - Swiftness             Chrm/Air       ######..     1%          2    None
e - Airstrike             Air            ######....   1%          4    #......
f - Lightning Bolt        Conj/Air       ######....   1%          5    ####...
g - Olgreb's Toxic Radia  Pois           #####...     2%          4    #......

Your spell library contained the following spells:

 Spells                   Type           Power        Failure   Level  Hunger
 Irradiate                Conj/Tmut      #####.....   4%          5    ####...
 Shock                    Conj/Air       ####         1%          1    None
 Dazzling Flash           Conj/Hex       ######       1%          3    None
 Static Discharge         Conj/Air       ######..     1%          3    None
 Iskenderun's Mystic Bla  Conj/Tloc      #####...     1%          4    #......


Dungeon Overview and Level Annotations

Branches:
Dungeon (11/15)            Temple (1/1) D:5            Lair (0/6) D:9
    Orc (0/2) D:11          Sewer (visited)         Ossuary (visited)

Altars:
Ashenzari
Cheibriados
Dithmenos
Elyvilon
Fedhas
Gozag
Hepliaklqana
Kikubaaqudgha
Makhleb
Nemelex Xobeh
Okawaru
Qazlal
Ru
Sif Muna
Trog
Uskayaw
Vehumet
Wu Jian
Xom
Yredelemnul
Zin
The Shining One

Annotations:
D:3 exclusion: downstairs
D:8 Setanta's ghost, novice GnFi


Innate Abilities, Weirdness & Mutations

Your system is resistant to poisons. (rPois)
Your spells are a little harder to cast, but a little more powerful.


Message History

Found a stone staircase leading down.
You see here a large rock.
You fade into invisibility!
You are very lightly contaminated with residual magic.
The cyclops throws a large rock.
The large rock closely misses you.
You see here a large rock.
An eight-headed hydra comes into view.
You completely miss the eight-headed hydra.
The sky beast flickers out of sight!
Deactivating autopickup; reactivate with Ctrl-A.
The cyclops throws a large rock.
The large rock hits you!
You open the door. The eight-headed hydra bites you!
The eight-headed hydra closely misses you.
The eight-headed hydra bites you!
* * * LOW HITPOINT WARNING * * *
The eight-headed hydra misses you.
The eight-headed hydra closely misses you.
The eight-headed hydra barely misses you.
The eight-headed hydra misses you. The eight-headed hydra bites you!
You die...

**#######################
*,....C.....(..Y.........
*,,..>...#..#.....###..#.
*,,,,##.....#Y....T......
*,,,,*#.@(..#.########...
*,*,,*#D#'#...#,,,,,,+...
*,,,,*#.*.#####,*****#.##
*,,,,*#.*>.,,**,* #...
*,,,,*#.*.##,**,* ####
*,*,,*#.*.#*,**,*
*,,,,*#.*.#,,,,,*
*,,,,*#.+.#*,**,*******
*,*,,**,*,**,**,*,,,,,*


You could see an eight-headed hydra and a cyclops.

Vanquished Creatures
  2 two-headed ogres
  An unseen horror (D:11)
  A cyclops (D:10)
  A deep elf mage (D:10)
  3 trolls
  A hornet (D:10)
  A merfolk (D:10)
  3 hippogriffs
  5 yaks (D:9)
  3 hungry ghosts
  3 orc warriors
  An ice beast (D:7)
  A black bear (D:10)
  A necrophage (D:9)
  4 ogres
  2 sky beasts
  4 centaurs
  A big kobold (D:5)
  Blork the orc (D:6)
  4 bullfrogs
  A wyvern skeleton (D:10)
  6 scorpions
  9 wights
  A howler monkey (D:5)
  4 crimson imps
  2 quasits
  2 bullfrog zombies
  4 hounds
  6 orc priests
  14 orc wizards
  3 bullfrog skeletons
  16 mummies (Ossuary)
  Jessica (D:3)
  A centaur skeleton (D:7)
  An iguana (D:4)
  7 worker ants
  3 killer bee zombies (Ossuary)
  A hound skeleton (D:7)
  A hound zombie (Ossuary)
  8 adders
  17 gnolls
  5 shadow imps
  4 oozes
  2 adder skeletons
  3 adder zombies
  3 worms
  2 dart slugs (D:2)
  2 leopard geckos
  36 orcs
  4 ball pythons
  6 bats
  6 giant cockroaches
  36 goblins
  36 hobgoblins
  3 jackals (Sewer)
  21 kobolds
  4 quokkas
  8 frilled lizards
  A jackal zombie (Ossuary)
  A kobold zombie (D:6)
  2 leopard gecko zombies (Ossuary)
  2 quokka zombies
  4 rats
  5 plants (Sewer)
347 creatures vanquished.

Vanquished Creatures (others)
  19 fulminant prisms
  A withered plant (Ossuary)
20 creatures vanquished.

Grand Total: 367 creatures vanquished

Notes
Turn   | Place    | Note
-------+----------+-------------------------------------------
     0 | D:1      | tarrasch the Deep Elf Conjurer began the quest for the Orb.
     0 | D:1      | Reached XP level 1. HP: 10/10 MP: 6/6
   230 | D:1      | Reached XP level 2. HP: 10/15 MP: 0/8
   323 | D:1      | Learned a level 2 spell: Searing Ray
   550 | D:1      | Reached skill level 5 in Conjurations
  1490 | D:2      | Reached XP level 3. HP: 19/19 MP: 7/9
  2038 | D:2      | Reached skill level 1 in Armour
  2070 | D:2      | Found a bloodstained altar of Trog.
  2559 | D:3      | Reached XP level 4. HP: 24/24 MP: 7/11
  2725 | D:3      | Reached skill level 4 in Spellcasting
  2941 | D:3      | Noticed Jessica
  2942 | D:3      | Killed Jessica
  2942 | D:3      | Reached XP level 5. HP: 28/28 MP: 10/13
  2987 | D:3      | Noticed an ogre
  2992 | D:3      | Killed an ogre
  3618 | D:4      | Reached XP level 6. HP: 32/32 MP: 7/15
  3684 | D:3      | Learned a level 4 spell: Fulminant Prism
  3762 | D:4      | Reached skill level 5 in Spellcasting
  3762 | D:4      | Reached skill level 1 in Hexes
  4115 | D:4      | Reached skill level 6 in Spellcasting
  4115 | D:4      | Reached XP level 7. HP: 36/36 MP: 9/18
  4270 | D:4      | Found a blossoming altar of Fedhas.
  4589 | D:5      | Entered Level 5 of the Dungeon
  4853 | D:5      | Found a staircase to the Ecumenical Temple.
  4862 | Temple   | Entered the Ecumenical Temple
  5021 | Temple   | Became a worshipper of Vehumet
  5519 | D:5      | Reached * piety under Vehumet
  5519 | D:5      | Offered knowledge of Freeze by Vehumet.
  5671 | D:5      | Learned a level 2 spell: Swiftness
  5688 | D:5      | Reached XP level 8. HP: 41/41 MP: 13/20
  5990 | D:5      | Offered knowledge of Sandblast by Vehumet.
  5994 | D:5      | Reached ** piety under Vehumet
  6061 | D:5      | Reached skill level 1 in Charms
  6136 | D:5      | Reached skill level 7 in Spellcasting
  6454 | D:5      | Reached skill level 1 in Air Magic
  6869 | D:6      | Found a sand-covered staircase.
  6892 | Ossuary  | Entered an ossuary
  6899 | Ossuary  | Offered knowledge of Ignite Poison by Vehumet.
  7057 | Ossuary  | Reached *** piety under Vehumet
  7082 | Ossuary  | Reached skill level 1 in Fighting
  7335 | D:6      | Found a glowing drain.
  7359 | Sewer    | Entered a sewer
  7547 | Sewer    | Learned a level 4 spell: Airstrike
  7553 | Sewer    | Learned a level 5 spell: Lightning Bolt
  7582 | Sewer    | Offered knowledge of Hailstorm by Vehumet.
  8486 | D:6      | Noticed a troll
  8492 | D:6      | Killed Blork the orc
  8492 | D:6      | Reached skill level 8 in Spellcasting
  8492 | D:6      | Reached XP level 9. HP: 47/47 MP: 14/23
  8495 | D:6      | Killed a troll
  8495 | D:6      | Reached skill level 5 in Armour
  8676 | D:6      | Reached skill level 5 in Hexes
  9020 | D:6      | Reached **** piety under Vehumet
  9021 | D:6      | Offered knowledge of Olgreb's Toxic Radiance by Vehumet.
  9034 | D:6      | Learned a level 4 spell: Olgreb's Toxic Radiance
  9426 | D:7      | Reached skill level 1 in Poison Magic
  9855 | D:7      | Reached skill level 9 in Spellcasting
 10724 | D:8      | Noticed a two-headed ogre
 10737 | D:8      | Killed a two-headed ogre
 10737 | D:8      | Reached XP level 10. HP: 55/55 MP: 11/25
 10888 | D:8      | Found a transporter.
 10893 | D:8      | Noticed Setanta's ghost (novice GnFi)
 10894 | D:8      | Noticed a moth of wrath
 10896 | D:8      | Noticed a manticore
 10921 | D:8      | Found a transporter.
 11462 | D:8      | Reached skill level 10 in Spellcasting
 11756 | D:8      | Got a scintillating tin amulet
 11770 | D:8      | Identified the amulet "Bavafai" {Gourm rPois rC- Str+3
                  | Dex+4} (You found it on level 8 of the Dungeon)
 12107 | D:9      | Gained mutation: Your system is resistant to poisons.
                  | (rPois) [potion of mutation]
 12107 | D:9      | Gained mutation: Your spells are a little harder to cast,
                  | but a little more powerful. [potion of mutation]
 12256 | D:9      | Found a staircase to the Lair.
 12712 | D:10     | Entered Level 10 of the Dungeon
 12892 | D:10     | Noticed a deep elf mage
 12895 | D:10     | Killed a deep elf mage
 12895 | D:10     | Reached skill level 10 in Conjurations
 12970 | D:10     | Reached ***** piety under Vehumet
 13044 | D:10     | Offered knowledge of Irradiate by Vehumet.
 13130 | D:10     | Reached XP level 11. HP: 60/60 MP: 20/27
 13200 | D:10     | Noticed a two-headed ogre
 13207 | D:10     | Killed a two-headed ogre
 13207 | D:10     | Reached skill level 11 in Spellcasting
 13762 | D:11     | Reached skill level 5 in Air Magic
 13814 | D:11     | Killed an unseen horror
 13854 | D:11     | Noticed an eight-headed hydra
 13856 | D:11     | Slain by an eight-headed hydra

Levels and vault maps discovered:
D:1:      psy_arrival_conway, layout_basic
D:2:      layout_loops_corners, trog_hazing_becter
D:3:      layout_basic, first_ration, uniq_jessica
D:4:      layout_cave_pools, fedhas_altar_fruit_tree
D:5:      minmay_goblin_kobold_castle, layout_basic, minmay_temple_entry_waves
D:6:      layout_basic, cheibrodos_sewer_entry_drain, enter_ossuary_3,
          hangedman_decor_slide_cut, lightli_orcish_oven, uniq_blork_the_orc
D:7:      layout_gridville
D:8:      layout_basic, gammafunk_ghost_berserking_beasts
D:9:      layout_basic, dpeg_oklobed_lair
D:10:     minmay_curly_fans, layout_irregular_city, hangedman_fish_farm
D:11:     layout_stronghold, orc_0_dummy, gauntlet_entry_generic, basic_altar,
          minmay_misc_feat_iff, grunt_decor_arrowhead
Temple:   kilobyte_greek_temple

Skill      XL: |  1  2  3  4  5  6  7  8  9 10 11 |
---------------+----------------------------------+-----
Conjurations   | 5 6 7 8 9 10 | 10.4
Armour         | 1 2 4 5 6 |  6.6
Spellcasting   | 4 6 8 9 10 11 | 11.2
Hexes          | 1 2 4 6 7 |  7.7
Charms         | 2 |  2.0
Air Magic      | 2 3 4 5 |  5.1
Fighting       | 1 2 3 4 |  4.0
Poison Magic   | 2 3 4 |  4.2
Throwing       | |  0.2
Dodging        | |  2.4
Stealth        | |  2.4

Action                   |  1- 3 |  4- 6 |  7- 9 | 10-12 || total
-------------------------+-------+-------+-------+-------++-------
Melee: Short sword       |     4 |       |   112 |       ||   116
       Staff             |       |       |       |     1 ||     1
Throw: Dart              |       |       |       |     3 ||     3
 Cast: Magic Dart        |   101 |    59 |   314 |    76 ||   550
       Searing Ray       |       |    10 |    61 |    32 ||   103
       Fulminant Prism   |       |       |     2 |    17 ||    19
       Olgreb's Toxic Ra |       |       |     3 |     4 ||     7
       Lightning Bolt    |       |       |     3 |     1 ||     4
       Airstrike         |       |       |     1 |    13 ||    14
       Swiftness         |       |       |       |     3 ||     3
  Use: Scroll            |       |    13 |     4 |     9 ||    26
       Potion            |       |       |       |     4 ||     4
  Eat: Chunk             |     5 |     4 |    16 |    19 ||    44
       Ration            |       |       |     2 |       ||     2
Armor: Ring mail         |     8 |     1 |    78 |     6 ||    93
       Troll leather arm |       |       |       |    10 ||    10
Dodge: Dodged            |    21 |     5 |    87 |    29 ||   142

Table legend:
 A = Non-vault XP
 B = Vault XP
 C = Vault XP percentage of total XP
 D = Non-vault monster count
 E = Vault monster count
 F = Vault count percentage of total count
                 A         B        C        D         E       F
            +---------+---------+-------+---------+---------+-------
      Total |   11923 |    2301 |  16.2 |     203 |     139 |  40.6
            +---------+---------+-------+---------+---------+-------
        D:1 |      29 |       0 |   0.0 |      14 |       0 |   0.0
        D:2 |      45 |      10 |  18.2 |      20 |       6 |  23.1
        D:3 |     211 |      37 |  14.9 |      15 |       1 |   6.2
        D:4 |     569 |       0 |   0.0 |      19 |       0 |   0.0
        D:5 |     669 |     355 |  34.7 |      25 |      70 |  73.7
        D:6 |     671 |     255 |  27.5 |      14 |      11 |  44.0
        D:7 |    1528 |       0 |   0.0 |      25 |       0 |   0.0
        D:8 |    2517 |       0 |   0.0 |      28 |       0 |   0.0
        D:9 |    1601 |       0 |   0.0 |      19 |       0 |   0.0
       D:10 |    3190 |    1064 |  25.0 |      17 |       4 |  19.0
       D:11 |     893 |       0 |   0.0 |       7 |       0 |   0.0
      Sewer |       0 |      68 | 100.0 |       0 |      21 | 100.0
    Ossuary |       0 |     512 | 100.0 |       0 |      26 | 100.0
            +---------+---------+-------+---------+---------+-------
